cohdb
Replays
Latest Replays
All Replays
Popular Replays
Top Player Replays
Match Explorer
How It Works
Community
CoH3 Stats
Reddit
Sign in to upload your games and track your stats! →
Sign in with Steam
Match 42496889
Unlisted
Match 42496889
Overview
Messages
Build Orders
End
Selects Italian Combined Arms Battlegroup
Selects Bersaglieri Squad
Bersaglieri Squad
Panzergrenadier Squad
Bersaglieri Squad
Construct Light Support Kompanie
Selects Bersaglieri Bolster
MG34 Team
Fire Support Elements
Flakvierling Half-track
Assault Grenadier Squad
Flakvierling Half-track
Pak 38 Anti-tank Gun Team
Selects Semovente da 75/18 Assault Gun
Construct Mechanized Kompanie
Selects Carro Armato M13/40 Light Tank
2.5-tonne Medical Truck
Selects Pact of Steel
StuG III D Assault Gun
le.IG 18 Support Gun Team
Construct Panzerarmee Kommand
Selects Breda Model 30 Light Machine Guns
StuG III D Assault Gun
Armored Reserves
Miko
Yngvi
dan legend
Scooby
0
0
Comments
sign in to comment!
No comments posted yet!